 Dungeon Crawl Stone Soup version 0.30-b1-2-g02819fbbbe (webtiles) character file.

Game seed: 10359836149454979585

884 nightchill the Skirmisher (level 7, -1/64 HPs)
             Began as a Minotaur Hunter on Sept 19, 2023.
             Slain by a hound (4 damage)
             ... on level 5 of the Dungeon.
             The game lasted 00:06:48 (3929 turns).

nightchill the Skirmisher (Minotaur Hunter)         Turns: 3929, Time: 00:06:49

Health: -1/64      AC: 10    Str: 16    XL:     7   Next: 76%
Magic:  6/6        EV:  7    Int:  6    God:
Gold:   205        SH:  0    Dex: 15    Spells: 6/6 levels left

rFire   . . .        a - +0 shortbow
rCold   . . .        (shield currently unavailable)
rNeg    . . .        k - +0 chain mail
rPois   .            (helmet restricted)
rElec   .            (no cloak)
rCorr   .            (no gloves)
SInv    .            y - +1 pair of boots
Will    .....        (no amulet) Stlth
                     (no ring)
HPRegen 0.30/turn    (no ring)
MPRegen 0.10/turn

%: no passive effects
@: no status effects
A: horns 2, retaliatory headbutt
a: no special abilities


You were on level 5 of the Dungeon.
You visited 1 branch of the dungeon, and saw 5 of its levels.

You collected 205 gold pieces.

Inventory:

Hand Weapons
 a - a +0 shortbow (weapon)
 b - a +0 short sword
Missiles
 F - 6 curare-tipped darts
Armour
 c - a +0 leather armour
 g - an orb of guile
 k - a +0 chain mail (worn)
 y - a +1 pair of boots (worn)
Jewellery
 p - a +6 ring of dexterity
Wands
 x - a wand of mindburst (9)
 B - a wand of charming (10)
 D - a wand of flame (17)
Scrolls
 e - 3 scrolls of teleportation {unknown}
 f - 2 scrolls of blinking {unknown}
 h - a scroll of poison {unknown}
 i - 3 scrolls of identify {unknown}
 l - 2 scrolls of fear {unknown}
 m - a scroll of silence {unknown}
 n - 2 scrolls of noise {unknown}
 t - 2 scrolls of immolation
 u - a scroll of vulnerability {unknown}
 v - a scroll of fog {unknown}
 C - a scroll of amnesia {unknown}
Potions
 d - 2 potions of curing {unknown}
 j - a potion of brilliance
 o - 2 potions of attraction {unknown}
 q - 3 potions of berserk rage {unknown}
 r - 2 potions of magic {unknown}
 s - a potion of haste
 w - a potion of flight {unknown}
 z - 2 potions of lignification {unknown}
 A - a potion of heal wounds {unknown}
 E - a potion of ambrosia {unknown}


   Skills:
 + Level 6.5 Fighting
 * Level 9.1 Ranged Weapons
 - Level 2.1 Dodging
 - Level 0.7 Stealth


You had 6 spell levels left.
You didn't know any spells.
Your spell library contained the following spells:

 Spells                   Type           Power      Damage    Failure   Level
 Apportation              Tloc           0%         N/A       100%        1
 Beastly Appendage        Tmut           0%         N/A       100%        1
 Necrotise                Necr           0%         1d4       100%        1
 Summon Small Mammal      Summ           0%         N/A       100%        1
 Lesser Beckoning         Tloc           0%         N/A       100%        2
 Wereblood                Tmut           0%         N/A       100%        2
 Gell's Gravitas          Tloc           0%         N/A       100%        3
 Spider Form              Tmut/Pois      0%         N/A       100%        3
 Teleport Other           Tloc           0%         N/A       100%        3


Dungeon Overview and Level Annotations

Branches:
Dungeon (5/15)
 Temple: D:4-7

Altars:
Elyvilon
Ru

Shops:
D:1 ?   D:3 [

Annotations:
D:2 exclusion: downstairs
D:3 Sigmund


Innate Abilities, Weirdness & Mutations

You have a pair of horns on your head.
You reflexively headbutt those who attack you in melee.


Message History

The adder closely misses you. The adder completely misses you.
You furiously retaliate!
You headbutt the adder. The adder attacks as you move away!
The adder bites you but does no damage. The adder bites you.
* * * LOW HITPOINT WARNING * * *
The adder attacks as you move away! The adder bites you.
* * * LOW HITPOINT WARNING * * *
You are poisoned.
The adder poisons you!
A hound comes into view.
You feel sick.
The hound barks!
The adder attacks as you move away! The adder bites you but does no damage.
You feel sick.
You feel sick. The hound bites you but does no damage. The adder bites you.
* * * LOW HITPOINT WARNING * * *
You are more poisoned.
The adder poisons you!
You shoot an arrow. The arrow hits the hound!
The hound is heavily wounded.
You feel sick. The hound bites you but does no damage.
The adder bites you but does no damage. The hound bites you but does no damage.
You feel sick. The hound bites you but does no damage.
The adder barely misses you. You furiously retaliate!
You headbutt the adder! The ogre attacks as you move away!
The ogre hits you with a +0 giant club!!
* * * LOW HITPOINT WARNING * * *
The adder attacks as you move away! The adder bites you but does no damage.
You feel sick. The hound bites you but does no damage.
The hound completely misses you. The hound attacks as you move away!
The hound closely misses you. You furiously retaliate!
You headbutt the hound.
You feel sick.
You feel sick.
You are no longer poisoned.
The hound closely misses you. The adder attacks as you move away!
The adder bites you but does no damage. The hound attacks as you move away!
The hound bites you but does no damage. The hound bites you.
You die...

################
...............#
..............#
.......SO.....#
..##..h##...## #.@.##...#
#....#....# #....#....# #
... #....#....# .# ....
#+####.##...# ..# ....#
##.#######...##...# .....
#....#............+
......#....#.......##+###
......#....#.......#


You could see an ogre, a hound and an adder.

Vanquished Creatures
  A sky beast (D:4)
  A black bear (D:5)
  A phantom (D:4)
  A bullfrog (D:4)
  A scorpion (D:4)
  2 hounds (D:4)
  An orc priest (D:4)
  A jelly (D:4)
  3 iguanas
  Jessica (D:2)
  Terence (D:2)
  Natasha (twice) (D:3)
  An orc wizard (D:3)
  6 adders
  3 gnolls (D:2)
  An ufetubus (D:4)
  2 dart slugs
  9 orcs
  8 endoplasms
  8 giant cockroaches
  9 goblins
  5 hobgoblins
  4 jackals (D:1)
  4 quokkas
  8 ball pythons
  5 bats
  A frilled lizard (D:3)
  3 kobolds
  8 rats
101 creatures vanquished.

Vanquished Creatures (others)
  A giant cockroach (D:3)
1 creature vanquished.

Grand Total: 102 creatures vanquished

Notes
Turn   | Place    | Note
-------+----------+-------------------------------------------
     0 | D:1      | nightchill the Minotaur Hunter began the quest for the Orb.
     0 | D:1      | Reached XP level 1. HP: 18/18 MP: 0/0
    63 | D:1      | Found Fuziy's Magic Scroll Shoppe.
   113 | D:1      | Reached XP level 2. HP: 24/25 MP: 1/1
   329 | D:1      | Reached skill level 5 in Ranged Weapons
   756 | D:2      | Reached XP level 3. HP: 31/31 MP: 2/2
   797 | D:2      | Noticed Jessica
   811 | D:2      | Killed Jessica
   903 | D:2      | Found a white marble altar of Elyvilon.
   918 | D:2      | Reached XP level 4. HP: 38/38 MP: 3/3
  1143 | D:2      | Reached skill level 6 in Ranged Weapons
  1152 | D:2      | Noticed Terence
  1160 | D:2      | Killed Terence
  1426 | D:2      | Reached XP level 5. HP: 46/46 MP: 4/4
  1760 | D:3      | Found a sacrificial altar of Ru.
  1820 | D:3      | Found a white marble altar of Elyvilon.
  1857 | D:3      | Noticed Natasha
  1865 | D:3      | Killed Natasha
  1876 | D:3      | Noticed Natasha
  1885 | D:3      | Killed Natasha
  1925 | D:3      | Found Neximih's Antique Armour Shop.
  1926 | D:3      | Noticed Sigmund
  2112 | D:4      | Reached skill level 7 in Ranged Weapons
  2185 | D:4      | Noticed a phantom
  2194 | D:4      | Killed a phantom
  2195 | D:4      | Reached skill level 5 in Fighting
  2195 | D:4      | Reached XP level 6. HP: 55/56 MP: 5/5
  2562 | D:4      | Reached skill level 8 in Ranged Weapons
  2562 | D:4      | Reached XP level 7. HP: 45/61 MP: 6/6
  3578 | D:5      | Entered Level 5 of the Dungeon
  3706 | D:5      | Reached skill level 9 in Ranged Weapons
  3926 | D:5      | HP: 3/64 [poisoned by an adder]
  3929 | D:5      | Slain by a hound

Illustrated notes

Levels and vault maps discovered:
D:1:      elethiomel_arrival_infinity_welcomes_careful_drivers, layout_rooms,
          serial_shops, shop
D:2:      cheibrodos_greedy_goblins, layout_basic, basic_altar, minivault_24,
          kennysheep_boxes, uniq_terence, uniq_jessica
D:3:      layout_loops_ring, fiery_altar_vehumet, elyvilon_altar_3,
          nicolae_ru_great_annihilating_truth, makhleb_altar_promises_db,
          serial_shops, shop, nicolae_shop_window_shopping,
          hangedman_abyss_or_decor_lesser_grid, minmay_door_square,
          roderic_roman_lattice, minmay_rat_hole, uniq_natasha, uniq_sigmund
D:4:      minmay_opposing_rooms, layout_basic, minivault_24, kennysheep_doodads,
          chequers_arboretum
D:5:      layout_gridville, mrwooster_statue_mirror, kennysheep_pointless_box,
          uniq_pikel

Skill      XL: |  1  2  3  4  5  6  7 |
---------------+----------------------+-----
Fighting       | 3 4 5 6 |  6.5
Ranged Weapons | 5 6 7 8 9 |  9.1
Dodging        | |  2.1
Stealth        | |  0.7

Action                     |  1- 3 |  4- 6 |  7- 9 || total
---------------------------+-------+-------+-------++-------
  Melee: Short sword       |       |       |    22 ||    22
         Headbutt          |       |       |     6 ||     6
         Punch             |       |       |     1 ||     1
   Fire: Shortbow          |    77 |   162 |    73 ||   312
    Use: Potion            |       |       |     2 ||     2
 Armour: Leather armour    |     8 |       |       ||     8
         Chain mail        |     8 |    58 |    73 ||   139
  Dodge: Dodged            |    27 |    28 |    38 ||    93
